 Dungeon Crawl Stone Soup version 0.22-a0-254-gaf95ca0 (webtiles) character file.

104311 kuniqs the Protected (level 15, 0/144 HPs)
             Began as a Deep Dwarf Fighter on Mar 4, 2018.
             Was the Champion of Makhleb.
             Splashed by an oklob plant's acid (7 damage)
             ... on level 4 of the Lair of Beasts.
             The game lasted 00:38:00 (19574 turns).

kuniqs the Protected (Deep Dwarf Fighter)          Turns: 19574, Time: 00:38:01

Health: 0/144      AC:  0    Str: 25    XL:     15   Next: 91%
Magic:  15/16      EV: 26    Int: 16    God:    Makhleb [******]
Gold:   1892       SH: 12    Dex: 12    Spells: 14/14 levels left

rFire    + . .     SeeInvis +   J - +7 war axe of Putrescence {protect, MP+9 Int+2}
rCold    + . .     Gourm    .   S - +5 buckler of the Ditch-Digger {+Fly rC+ Slay+2}
rNeg     + . .     Faith    .   D - +2 chain mail {rF+}
rPois    .         Spirit   .   b - +0 helmet
rElec    .         Reflect  .   R - +1 cloak
rCorr    .         Harm     .   x - +0 pair of gloves
MR       ++++.                  (no boots)
Stlth    ..........             F - amulet of rage
HPRegen  0.00/turn              o - ring "Aradaix" {MR++ EV+3 Int+4 SInv}
MPRegen  0.15/turn              M - ring of Phasing {EV+8}

@: corroded, protection aura, non-regenerating
A: damage resistance, heal wounds, negative energy resistance 1, sense
surroundings 2, MP-powered wands, no regeneration
a: Heal Wounds, Minor Destruction, Lesser Servant of Makhleb, Major Destruction,
Greater Servant of Makhleb, Renounce Religion, Evoke Berserk Rage, Evoke Flight


You were on level 4 of the Lair of Beasts.
You worshipped Makhleb.
Makhleb was exalted by your worship.
You were not hungry.

You visited 4 branches of the dungeon, and saw 24 of its levels.
You also visited: Labyrinth and Ossuary.

You collected 3296 gold pieces.
You spent 1404 gold pieces at shops.

Inventory:

Hand Weapons
 c - a +2 broad axe
 J - the +7 war axe of Putrescence (weapon) {protect, MP+9 Int+2}
   (You found it on level 8 of the Dungeon)

   It protects the one who uses it against injury (+AC on strike).
   It affects your intelligence (+2).
   It affects your magic capacity (+9).
 P - the +0 broad axe "Spiderslayer" {flame, rC+}
   (You bought it in a shop on level 2 of the Orcish Mines)

   It has been specially enchanted to burn those struck by it, causing extra
   injury to most foes and up to half again as much damage against particularly
   susceptible opponents.
   Big, fiery blades are also staple armaments of hydra-hunters.
   It protects you from cold.
Armour
 b - a +0 helmet (worn)
 x - a +0 pair of gloves (worn)
 D - a +2 chain mail of fire resistance (worn)
 R - a +1 cloak (worn)
 S - the +5 buckler of the Ditch-Digger (worn) {+Fly rC+ Slay+2}
   (You found it on level 12 of the Dungeon)

   It affects your accuracy and damage with ranged weapons and melee attacks
   (+2).
   It protects you from cold.
   It lets you fly.
Jewellery
 j - an uncursed ring of protection from cold
 o - the ring "Aradaix" (left hand) {MR++ EV+3 Int+4 SInv}
   (You found it on level 2 of the Lair of Beasts)

   [ring of evasion]

   It affects your evasion (+3).
   It affects your intelligence (+4).
   It affects your resistance to hostile enchantments.
   It lets you see invisible.
 F - an amulet of rage (around neck)
 M - the ring of Phasing (right hand) {EV+8}
   (You found it in a labyrinth)

   [ring of evasion]

   It affects your evasion (+8).
 O - an uncursed ring of protection from fire
Wands
 w - a wand of paralysis (35)
 y - a wand of disintegration (69)
 A - a wand of digging (18)
 E - a wand of enslavement (13)
 H - a wand of iceblast (26)
 I - a wand of acid (10)
 Q - a wand of polymorph (9)
Scrolls
 d - 4 scrolls of blinking
 e - 7 scrolls of remove curse {@r2}
 g - 6 scrolls of teleportation
 h - a scroll of summoning
 i - 3 scrolls of enchant weapon
 p - 3 scrolls of fear
 t - 5 scrolls of immolation
 z - 3 scrolls of magic mapping
 B - a scroll of enchant armour
 C - 3 scrolls of fog
 G - a scroll of brand weapon
 T - a scroll of holy word
Potions
 k - 2 potions of haste
 l - 8 potions of curing {@q1}
 m - 2 potions of ambrosia
 n - 6 potions of mutation
 q - 4 potions of resistance
 s - 6 potions of might
 u - 3 potions of lignification
 v - 7 potions of heal wounds
 L - 2 potions of flight
 N - a potion of agility
Comestibles
 a - 5 chunks of flesh
 f - 46 rations


   Skills:
 + Level 12.1 Fighting
 + Level 13.9 Axes
 + Level 14.1 Armour
 + Level 13.7 Dodging
 + Level 14.0 Shields
 - Level 6.0 Invocations


You had 14 spell levels left.
You didn't know any spells.

Dungeon Overview and Level Annotations

Branches:
Dungeon (15/15)            Temple (1/1) D:5            Lair (6/6) D:10
  Swamp (0/4) Lair:2        Snake (0/4) Lair:4        Slime (0/5) Lair:5
    Orc (2/2) D:12            Elf (0/3) Orc:2        Vaults (0/5) D:13
 Depths (0/5) D:15

Altars:
Ashenzari
Cheibriados
Dithmenos
Elyvilon
Fedhas
Gozag
Hepliaklqana
Kikubaaqudgha
Makhleb
Nemelex Xobeh
Okawaru
Qazlal
Ru
Sif Muna
Trog
Uskayaw
Vehumet
Wu Jian
Xom
Yredelemnul
Zin
The Shining One
Beogh

Shops:
D:7 }   D:8 [   D:13 *   Orc:2 (:[!!

Annotations:
Lair:4 exclusion: 2 oklob plants


Innate Abilities, Weirdness & Mutations

You are resistant to damage.
You can heal yourself by infusing magical energy.
You resist negative energy. (rN+)
You passively map the area around you.
You do not regenerate.
You expend magic power (3 MP) to strengthen your wands.


Message History

* * * LOW HITPOINT WARNING * * *
You hit the oklob plant but do no damage.
You slash the oklob plant! The oklob plant spits acid at you.
The splash of acid hits you!
* * * LOW HITPOINT WARNING * * *
The acid corrodes you!
You are splashed with acid!
The acid burns!
* * * LOW HITPOINT WARNING * * *
The oklob plant spits acid at you. The splash of acid misses you.
You feel much better. The oklob plant spits acid at you.
The splash of acid hits you!
* * * LOW HITPOINT WARNING * * *
You are splashed with acid!
The acid burns!
* * * LOW HITPOINT WARNING * * *
The oklob plant spits acid at you. The splash of acid hits you!
The acid corrodes you!
You are splashed with acid!
The acid burns!
You die...

##### #.!$# ### ####.PP####.#
#....$@...#.# ####P..#...###
####.......#..######
##.#.#.......##.#...## #
#P.##......#......#..####
####.....##..PP..#.........
####...#...#.....P..#.........
#..#...#...............#....#.
####....................#.....P.#


You could see 2 oklob plants.

Vanquished Creatures
  Frances (D:12)
  2 orc warlords (Orc:1)
  A minotaur (Lab)
  Snorg (D:13)
  Josephine (D:12)
  Erolcha (D:13)
  2 catoblepae
  11 hydras
  3 centaur warriors
  Erica (D:7)
  6 two-headed ogres
  5 orc high priests (Orc:2)
  2 unseen horrors
  4 lindwurms (Lair:2)
  5 orc knights
  A wolf spider zombie (D:14)
  A necromancer (D:15)
  3 ugly things
  3 oklob plants
  A manticore (D:15)
  8 orc sorcerers
  2 deep elf magi
  15 elephants
  Maurice (D:12)
  A cyclops (Orc:2)
  3 black mambas
  The ghost of Thaneod the Firebug, a novice DEWz of Vehumet (D:7)
  22 spiny frogs
  A gargoyle (D:15)
  A torpor snail (Lair:6)
  A kobold demonologist (D:6)
  14 rime drakes
  2 centaur skeletons (D:10)
  7 komodo dragons
  10 trolls
  2 tengu conjurers (D:14)
  4 tyrant leeches (Lair:6)
  20 hippogriffs
  8 slime creatures
  35 blink frogs
  A yak (shapeshifter) (D:14)
  2 centaur simulacra
  5 wraiths (D:12)
  14 wyverns
  A vampire (D:15)
  3 hogs (D:8)
  27 yaks
  3 basilisks
  Grum (Lair:1)
  The ghost of HEYYEYAAE the Caller, an amateur DgSu (D:4)
  A human (D:8)
  18 vampire mosquitoes
  5 wargs
  Menkaure (D:5)
  An insubstantial wisp (D:11)
  Edmund (D:5)
  2 soldier ants
  10 porcupines
  12 water moccasins
  2 hornet zombies (D:15)
  A swamp drake (D:11)
  2 ice beasts (D:10)
  3 black bears
  44 orc warriors
  6 sky beasts
  4 phantoms
  The ghost of HEYYEYAAE the Caller, an amateur DgSu (D:3)
  14 ogres
  18 centaurs
  4 wolves
  12 crocodiles
  4 elf zombies (Ossuary)
  31 bullfrogs
  5 scorpions
  5 wights (D:7)
  10 killer bees
  3 electric eels
  8 howler monkeys
  A lava snake (D:14)
  5 crimson imps
  A bullfrog zombie (D:13)
  A quasit (D:7)
  5 jellies
  2 centaur zombies
  8 hounds
  33 orc wizards
  2 human zombies (Ossuary)
  45 orc priests
  5 bullfrog skeletons
  4 iguanas
  10 worker ants
  A big kobold zombie (Ossuary)
  2 mummies (Ossuary)
  A howler monkey zombie (D:6)
  14 adders
  12 gnolls
  8 shadow imps
  3 oozes (Lair:5)
  4 adder skeletons
  2 adder zombies (Ossuary)
  2 worms
  A dart slug (D:3)
  7 leopard geckos
  130 orcs
  5 giant cockroaches
  10 goblins
  7 hobgoblins
  11 jackals
  13 kobolds
  4 quokkas
  3 bats
  A frilled lizard (D:2)
  11 hobgoblin zombies (Ossuary)
  A jackal zombie (D:6)
  7 kobold zombies (Ossuary)
  2 leopard gecko skeletons
  7 orc zombies (Ossuary)
  A quokka zombie (D:5)
  4 rats
  2 rat zombies (Ossuary)
  5 fungi
  7 plants
909 creatures vanquished.

Vanquished Creatures (others)
  A hippogriff (Lair:5)
  An adder (D:7)
  11 fungi
  54 plants
67 creatures vanquished.

Grand Total: 976 creatures vanquished

Notes
Turn   | Place    | Note
-------+----------+-------------------------------------------
     0 | D:1      | kuniqs the Deep Dwarf Fighter began the quest for the Orb.
     0 | D:1      | Reached XP level 1. HP: 20/20 MP: 1/1
   183 | D:1      | Reached XP level 2. HP: 25/27 MP: 2/2
   965 | D:2      | Reached skill level 1 in Dodging
   982 | D:2      | Reached XP level 3. HP: 17/34 MP: 1/1
   984 | D:2      | Reached XP level 4. HP: 21/42 MP: 2/2
  1310 | D:2      | Found a runed door.
  1310 | D:2      | Noticed a human
  1320 | D:2      | Found a basalt altar of Yredelemnul.
  1659 | D:3      | Reached XP level 5. HP: 41/49 MP: 3/3
  1731 | D:3      | Noticed HEYYEYAAE's ghost (amateur DgSu)
  1743 | D:3      | Killed HEYYEYAAE's ghost
  1743 | D:3      | Reached XP level 6. HP: 39/57 MP: 4/4
  1957 | D:3      | Found a radiant altar of Vehumet.
  2154 | D:4      | Reached XP level 7. HP: 44/64 MP: 5/5
  2168 | D:4      | Reached skill level 5 in Shields
  2186 | D:4      | Found a sparkling altar of Nemelex Xobeh.
  2197 | D:4      | Got a smoking scale mail
  2208 | D:4      | Identified the cursed +1 scale mail of Cloud Cover {rF+} (You found it on level 4 of the Dungeon)
  2292 | D:4      | Noticed HEYYEYAAE's ghost (amateur DgSu)
  2293 | D:4      | Reached skill level 5 in Armour
  2325 | D:4      | Killed HEYYEYAAE's ghost
  2952 | D:5      | Entered Level 5 of the Dungeon
  2959 | D:5      | Noticed Menkaure
  2969 | D:5      | Killed Menkaure
  2969 | D:5      | Reached skill level 5 in Axes
  2969 | D:5      | Reached XP level 8. HP: 56/73 MP: 5/5
  3152 | D:5      | Found an opulent altar of Gozag.
  3152 | D:5      | Found an ancient bone altar of Kikubaaqudgha.
  3157 | D:5      | Found a faded altar of an unknown god.
  3159 | D:5      | Found a sacrificial altar of Ru.
  3160 | D:5      | Found a faded altar of an unknown god.
  3195 | D:5      | Noticed Edmund
  3245 | D:5      | Killed Edmund
  3245 | D:5      | Reached skill level 5 in Fighting
  3421 | D:5      | Reached skill level 5 in Dodging
  3618 | D:5      | Found a staircase to the Ecumenical Temple.
  3913 | D:6      | Found a glowing silver altar of Zin.
  4177 | D:6      | Found a sand-covered staircase.
  4184 | Ossuary  | Entered an ossuary
  4197 | Ossuary  | Gained mutation: You passively map the area around you. [Deep Dwarf growth]
  4197 | Ossuary  | Reached XP level 9. HP: 58/81 MP: 6/6
  4475 | Temple   | Entered the Ecumenical Temple
  4746 | D:6      | Found a hide-covered altar of Uskayaw.
  4915 | D:7      | Noticed Thaneod's ghost (novice DEWz)
  4930 | D:7      | Killed Thaneod's ghost
  4959 | D:7      | Found Upeiklemn's Gadget Shop.
  5055 | D:7      | Found a burning altar of Makhleb.
  5061 | D:7      | Became a worshipper of Makhleb the Destroyer
  5075 | D:6      | Noticed a kobold demonologist
  5086 | D:6      | Noticed an orange demon
  5086 | D:6      | Killed a kobold demonologist
  5086 | D:6      | Reached skill level 1 in Invocations
  5142 | D:6      | Noticed a troll
  5172 | D:6      | Killed a troll
  5172 | D:6      | Reached XP level 10. HP: 85/92 MP: 7/7
  5334 | D:6      | Reached * piety under Makhleb
  6160 | D:8      | Found a transporter.
  6303 | D:8      | Noticed a two-headed ogre
  6318 | D:8      | Killed a two-headed ogre
  6326 | D:8      | Found Pest's Armour Shoppe.
  6422 | D:8      | Found a snail-covered altar of Cheibriados.
  6501 | D:8      | Reached ** piety under Makhleb
  6636 | D:8      | Noticed Erica
  6730 | D:7      | Killed Erica
  6796 | D:8      | Reached skill level 5 in Invocations
  6912 | D:9      | Reached XP level 11. HP: 69/100 MP: 5/5
  7022 | D:9      | Found a deep blue altar of Sif Muna.
  7058 | D:9      | Found a bloodstained altar of Trog.
  7415 | D:10     | Entered Level 10 of the Dungeon
  7481 | D:8      | Found a hazy altar of Hepliaklqana.
  7558 | D:10     | Noticed an unseen horror
  7581 | D:10     | Killed an unseen horror
  7628 | D:10     | Reached *** piety under Makhleb
  8141 | D:10     | Found a staircase to the Lair.
  8395 | D:11     | Reached **** piety under Makhleb
  8442 | D:11     | Noticed an unseen horror
  8453 | D:11     | Killed an unseen horror
  8703 | Lair:1   | Entered Level 1 of the Lair of Beasts
  8855 | Lair:1   | Noticed a six-headed hydra
  8860 | Lair:1   | Killed a six-headed hydra
  9097 | Lair:1   | Noticed Grum
  9121 | Lair:1   | Killed Grum
  9141 | Lair:1   | Reached skill level 10 in Armour
  9193 | Lair:1   | Reached XP level 12. HP: 55/112 MP: 5/5
  9549 | Lair:2   | Reached skill level 10 in Shields
  9590 | Lair:2   | Found a staircase to the Swamp.
  9656 | Lair:2   | Noticed a four-headed hydra
  9670 | Lair:2   | Killed a four-headed hydra
  9848 | D:8      | Found a roughly hewn altar of Beogh.
  9897 | D:8      | Got a steaming war axe
  9898 | D:8      | Identified the +7 war axe of Putrescence {protect, MP+9 Int+2} (You found it on level 8 of the Dungeon)
  9932 | D:8      | Found a transporter.
 10437 | Lair:2   | Reached skill level 10 in Axes
 10496 | Lair:2   | Got a transparent brass ring
 10499 | Lair:2   | Identified the ring "Aradaix" {MR++ EV+3 Int+4 SInv} (You found it on level 2 of the Lair of Beasts)
 10666 | Lair:3   | Reached skill level 10 in Dodging
 10914 | Lair:3   | Reached ***** piety under Makhleb
 11306 | Lair:4   | Found a staircase to the Snake Pit.
 11511 | Lair:4   | Noticed a six-headed hydra
 11514 | Lair:4   | Noticed a four-headed hydra
 11568 | Lair:4   | Killed a two-headed hydra
 11573 | Lair:4   | Killed a one-headed hydra
 11573 | Lair:4   | Reached XP level 13. HP: 99/121 MP: 6/6
 11838 | Lair:5   | Found a staircase to the Slime Pits.
 12258 | Lair:5   | Reached skill level 10 in Fighting
 12861 | Lair:6   | Entered Level 6 of the Lair of Beasts
 12928 | Lair:6   | Found a labyrinth entrance.
 12956 | Lab      | Entered a labyrinth
 13182 | Lab      | Noticed a minotaur
 13214 | Lab      | Killed a minotaur
 13217 | Lab      | Found the ring of Phasing {EV+8}
 13283 | Lair:6   | Reached ****** piety under Makhleb
 13347 | Lair:6   | Gained mutation: You resist negative energy. (rN+) [Deep Dwarf growth]
 13347 | Lair:6   | Reached XP level 14. HP: 133/133 MP: 6/6
 14304 | D:12     | Noticed Frances
 14305 | D:12     | Noticed Josephine
 14309 | D:12     | Gained mutation: You expend magic power (3 MP) to strengthen your wands. [a neqoxec]
 14333 | D:12     | Killed Frances
 14340 | D:12     | Killed Josephine
 14435 | D:12     | Found a blossoming altar of Fedhas.
 14679 | D:12     | Found a staircase to the Orcish Mines.
 14888 | D:12     | Found a roughly hewn altar of Beogh.
 14905 | D:12     | Noticed Maurice
 14917 | D:12     | Killed Maurice
 14934 | D:12     | Got an ichor-stained buckler
 14935 | D:12     | Identified the +5 buckler of the Ditch-Digger {+Fly rC+ Slay+2} (You found it on level 12 of the Dungeon)
 15008 | D:12     | Found an opulent altar of Gozag.
 15159 | Orc:1    | Entered Level 1 of the Orcish Mines
 15205 | Orc:1    | Noticed an orc warlord
 15252 | Orc:1    | Killed an orc warlord
 15353 | Orc:1    | Reached XP level 15. HP: 140/142 MP: 7/7
 15357 | Orc:1    | Noticed an orc warlord
 15382 | Orc:1    | Killed an orc warlord
 15802 | Orc:2    | Entered Level 2 of the Orcish Mines
 15817 | Orc:2    | Found a staircase to the Elven Halls.
 16323 | Orc:2    | Found Xeblev's Distillery.
 16457 | Orc:2    | Found Elyerot's Antique Armour Shop.
 16458 | Orc:2    | Found Hubups's Book Boutique.
 16458 | Orc:2    | Found Ynunotar's Antique Weapon Shop.
 16459 | Orc:2    | Found Cenley's Distillery.
 16468 | Orc:2    | Bought a polished broad axe for 216 gold pieces
 16468 | Orc:2    | Bought a scorched war axe for 204 gold pieces
 16470 | Orc:2    | Identified the +0 war axe of Caroasalo {holy, +Rage rF+ MR+} (You bought it in a shop on level 2 of the Orcish Mines)
 16472 | Orc:2    | Identified the cursed +0 broad axe "Spiderslayer" {flame, rC+} (You bought it in a shop on level 2 of the Orcish Mines)
 16481 | Orc:2    | Bought a potion of heal wounds for 75 gold pieces
 16481 | Orc:2    | Bought a potion of haste for 150 gold pieces
 16481 | Orc:2    | Bought a potion of heal wounds for 75 gold pieces
 16481 | Orc:2    | Bought a potion of resistance for 150 gold pieces
 16481 | Orc:2    | Bought a potion of heal wounds for 75 gold pieces
 16481 | Orc:2    | Bought a potion of heal wounds for 75 gold pieces
 16543 | Orc:2    | Bought a potion of flight for 36 gold pieces
 16543 | Orc:2    | Bought a potion of might for 48 gold pieces
 16543 | Orc:2    | Bought a potion of might for 48 gold pieces
 16543 | Orc:2    | Bought a potion of flight for 36 gold pieces
 16543 | Orc:2    | Bought a potion of mutation for 96 gold pieces
 16543 | Orc:2    | Bought a potion of heal wounds for 60 gold pieces
 16543 | Orc:2    | Bought a potion of heal wounds for 60 gold pieces
 16760 | D:13     | Noticed Erolcha
 16770 | D:13     | Killed Erolcha
 16804 | D:13     | Noticed Snorg
 16827 | D:13     | Killed Snorg
 16994 | D:13     | Found a gate to the Vaults.
 17139 | D:13     | Found Vuophutu's Elemental Accessories.
 18314 | D:14     | Identified the +5 plate armour of the Moon {+Blink rC++ rCorr Slay-5} (You found it on level 14 of the Dungeon)
 18614 | D:15     | Entered Level 15 of the Dungeon
 19081 | D:15     | Found a staircase to the Depths.
 19444 | Lair:2   | Got an encrusted scale mail
 19458 | Lair:2   | Identified the +1 scale mail of Philately {+Inv rElec rC+} (You found it on level 2 of the Lair of Beasts)
 19573 | Lair:4   | HP: 6/144 [acid (4)]
 19574 | Lair:4   | Splashed by an oklob plant's acid

Vault maps used:
D:1:      onia_arrival_mini_spirals
D:2:      dk_yredelemnul_ordeal, uniq_crazy_yiuf_cottage
D:3:      old_standard_altar
D:4:      kennysheep_mini, first_ration
D:5:      chequers_temple_overflow_minitemple, minmay_temple_entry_from_below_a,
          uniq_menkaure, uniq_edmund
D:6:      minmay_klotski, lemuel_crystal_altar, eat_drink_and_be_merry_uskayaw,
          enter_ossuary_1, serial_glass, glass_columns_b, glass_columns_c,
          glass_columns_a, glass_columns_a, glass_columns_c, glass_columns_c,
          glass_columns_b, glass_columns_b, glass_columns_c, glass_columns_c
D:7:      bloody_makhleb, serial_shops, nicolae_shop_behind_doors,
          kennysheep_generic_room_11
D:8:      gammafunk_beogh_shrine, cheibrodos_worm_habitat,
          nicolae_overflow_hidden_temple, serial_shops, kennysheep_mini_moat,
          grunt_livestock, serial_bayou_ford_a, uniq_erica
D:9:      lemuel_coloured_pillars_altar, nicolae_overflow_crystal_walls
D:10:     grunt_lair_entry_orc_guard_hut, minmay_misc_feat_ornament
D:11:     pond
D:12:     minmay_orc_entry_temple_small, basic_altar, grunt_decor_arrowhead,
          fedhas_altar_4, uniq_frances, uniq_maurice, uniq_josephine
D:13:     david_vaults_1, minmay_door_square, nicolae_elemental_shop,
          uniq_erolcha, uniq_snorg
D:14:     kennysheep_decorative_pillar, kennysheep_generic_room_7
D:15:     grunt_enter_depths_magical_seal, hangedman_abyss_or_decor_passed
Temple:   eino_wide_crystal_templ
Lair:1:   minivault_23, ldierk_geyser, grunt_megastairs_2, uniq_grum
Lair:2:   dpeg_oklob_gauntlet, swamp_mist, minmay_lindwurm_lava
Lair:3:   cheibrodos_lair_caveside_slide
Lair:4:   dummy_snake_entry, minmay_lair_oklob_chamber
Lair:5:   nicolae_slime_entry_slimehenge, special_room, lemuel_fruit_tree
Lair:6:   minmay_lair_end_frog_pond, lab_entry_generic
Orc:1:    cheibrodos_orc_arena
Orc:2:    st_orc_pillars, serial_shops, shop_fountains
Lab:      nicolae_lab_hexagon, labyrinth_skeletal_remains, nicolae_lab_big_swirl
Ossuary:  ossuary_tomb_1

Skill      XL: |  1  2  3  4  5  6  7  8  9 10 11 12 13 14 15 |
---------------+----------------------------------------------+-----
Dodging        | 1 2 3 4 5 6 8 9 10 11 12 13 | 13.7
Fighting       | 3 4 5 6 7 8 9 10 11 12 | 12.1
Axes           | 3 4 5 6 7 8 9 10 12 13 | 13.9
Armour         | 4 5 6 7 8 10 11 12 13 14 | 14.1
Shields        | 4 5 6 7 8 9 11 12 13 14 | 14.0
Invocations    | 2 5 6 |  6.0

Action                   |  1- 3 |  4- 6 |  7- 9 | 10-12 | 13-15 || total
-------------------------+-------+-------+-------+-------+-------++-------
Melee: War axe           |    85 |   150 |   205 |   235 |  1546 ||  2221
       Dire flail        |       |       |   217 |   641 |       ||   858
       Scimitar          |       |       |       |    16 |    42 ||    58
       Broad axe         |       |       |       |       |    10 ||    10
 Abil: Heal Wounds       |     6 |     8 |    16 |    26 |     6 ||    62
Evoke: Wand              |       |       |       |    14 |     7 ||    21
  Use: Scroll            |     1 |     4 |    11 |     9 |    11 ||    36
       Potion            |     1 |       |       |       |     2 ||     3
 Stab: Petrified         |       |       |       |       |     3 ||     3
       Paralysed         |       |       |       |       |     3 ||     3
  Eat: Chunk             |       |     5 |    10 |    22 |    25 ||    62
       Ration            |       |       |       |       |     1 ||     1
Armor: Scale mail        |     6 |       |   158 |   318 |       ||   482
       Chain mail        |    52 |   104 |     6 |    90 |   385 ||   637
Dodge: Dodged            |    27 |    77 |   270 |   710 |  1271 ||  2355
Block: Shield            |    64 |   125 |   110 |   176 |   653 ||  1128
       Buckler           |       |       |       |       |   514 ||   514
       Rpst.: Scimitar   |       |       |       |     2 |     9 ||    11

Table legend:
 A = Spawn XP
 B = Non-spawn XP
 C = Spawn XP percentage of total XP
 D = Spawn monster count
 E = Non-spawn monster count
 F = Spawn count percentage of total count
 G = Total turns spent on level
                    A         B        C        D         E        F      G
               +---------+---------+-------+---------+---------+-------+---------
         Total |       0 |  149017 |   0.0 |       0 |     898 |   0.0 | 19574
               +---------+---------+-------+---------+---------+-------+---------
           D:1 |       0 |      26 |   0.0 |       0 |      17 |   0.0 |   892
           D:2 |       0 |     141 |   0.0 |       0 |      21 |   0.0 |   756
           D:3 |       0 |     523 |   0.0 |       0 |      39 |   0.0 |   487
           D:4 |       0 |     672 |   0.0 |       0 |      19 |   0.0 |   817
           D:5 |       0 |     991 |   0.0 |       0 |      18 |   0.0 |   785
           D:6 |       0 |    2319 |   0.0 |       0 |      43 |   0.0 |  1115
           D:7 |       0 |    2550 |   0.0 |       0 |      28 |   0.0 |   815
           D:8 |       0 |    3424 |   0.0 |       0 |      48 |   0.0 |  1070
           D:9 |       0 |    1674 |   0.0 |       0 |      27 |   0.0 |   689
          D:10 |       0 |    2840 |   0.0 |       0 |      18 |   0.0 |   758
          D:11 |       0 |    2853 |   0.0 |       0 |      28 |   0.0 |   519
          D:12 |       0 |   12248 |   0.0 |       0 |      53 |   0.0 |   896
          D:13 |       0 |    8993 |   0.0 |       0 |      34 |   0.0 |  1110
          D:14 |       0 |    9808 |   0.0 |       0 |      43 |   0.0 |   843
          D:15 |       0 |    6431 |   0.0 |       0 |      21 |   0.0 |   650
        Lair:1 |       0 |    3817 |   0.0 |       0 |      17 |   0.0 |   794
        Lair:2 |       0 |    7783 |   0.0 |       0 |      21 |   0.0 |   992
        Lair:3 |       0 |    5762 |   0.0 |       0 |      21 |   0.0 |   710
        Lair:4 |       0 |    6369 |   0.0 |       0 |      23 |   0.0 |   708
        Lair:5 |       0 |   15994 |   0.0 |       0 |      52 |   0.0 |  1026
        Lair:6 |       0 |   28518 |   0.0 |       0 |      95 |   0.0 |  1032
         Orc:1 |       0 |    9978 |   0.0 |       0 |      72 |   0.0 |   646
         Orc:2 |       0 |   13433 |   0.0 |       0 |     100 |   0.0 |   890
           Lab |       0 |    1261 |   0.0 |       0 |       1 |   0.0 |   263
       Ossuary |       0 |     609 |   0.0 |       0 |      39 |   0.0 |   239
               +---------+---------+-------+---------+---------+-------+---------
